 Dungeon Crawl Stone Soup version 0.29.1-15-g9cfb28693d (webtiles) character file.

Game seed: 8435875497542874089

187 Hugehornet the Covered (level 5, -1/32 HPs)
             Began as a Gargoyle Fighter on Mar 21, 2023.
             Slain by a scorpion (2 damage)
             ... on level 4 of the Dungeon.
             The game lasted 00:03:35 (2142 turns).

Hugehornet the Covered (Gargoyle Fighter)           Turns: 2142, Time: 00:03:36

Health: -1/32      AC: 13    Str: 20    XL:     5   Next: 66%
Magic:  5/5        EV:  7    Int: 10    God:
Gold:   95         SH:  4    Dex:  9    Spells: 4/4 levels left

rFire   . . .      SeeInvis .   a - +0 flail
rCold   . . .      Faith    .   c - +0 buckler
rNeg    + . .      Spirit   .   i - +0 chain mail
rPois   ∞          Reflect  .   (no helmet)
rElec   +          Harm     .   (no cloak)
rCorr   .          Rampage  .   (no gloves)
Will    .....                   (no boots)
Stlth   ..........              j - amulet of the acrobat
HPRegen 0.10/turn               (no ring)
MPRegen 0.09/turn               (no ring)

@: hasted, very quick
A: sickness immunity, AC +4, negative energy resistance 1, electricity
resistance, torment resistance 1, petrification resistance
a: no special abilities


You were on level 4 of the Dungeon.
You visited 1 branch of the dungeon, and saw 3 of its levels.

You collected 95 gold pieces.

Inventory:

Hand Weapons
 a - a +0 flail (weapon)
Armour
 b - a +0 scale mail
 c - a +0 buckler (worn)
 i - a +0 chain mail (worn)
Jewellery
 j - an amulet of the acrobat (around neck)
 l - a ring of magical power
Scrolls
 e - 3 scrolls of identify {unknown}
 g - a scroll of fog {unknown}
 h - a scroll of blinking {unknown}
Potions
 d - a potion of might
 k - a potion of mutation {unknown}


   Skills:
 - Level 3.2 Fighting
 + Level 4.2 Maces & Flails
 + Level 5.3 Armour
 - Level 3.2 Shields


You had 4 spell levels left.
You didn't know any spells.
Your spell library contained the following spells:

 Spells                   Type           Power      Damage    Failure   Level
 Borgnjor's Revivificati  Necr           0%         N/A       100%        8
 Necromutation            Tmut/Necr      0%         N/A       100%        8
 Death's Door             Necr           0%         N/A       100%        9


Dungeon Overview and Level Annotations

Branches:
Dungeon (2/15)

Altars:


Innate Abilities, Weirdness & Mutations

You are immune to sickness and miasma.
Your stone body is resilient. (AC +4)
You are immune to poison.
You resist negative energy. (rN+)
You are resistant to electric shocks. (rElec)
You are resistant to unholy torment.
You are immune to petrification.


Message History

The scorpion stings you.
* * * LOW HITPOINT WARNING * * *
You hit the scorpion but do no damage.
The scorpion is almost dead.
The scorpion barely misses you.
You closely miss the scorpion.
The scorpion is almost dead.
The scorpion closely misses you. The scorpion stings you.
* * * LOW HITPOINT WARNING * * *
You hit the scorpion but do no damage.
The scorpion is almost dead.
The scorpion completely misses you.
You hit the scorpion but do no damage.
The scorpion is almost dead.
The scorpion stings you but does no damage.
You block the scorpion's attack.
You barely miss the scorpion.
The scorpion is almost dead.
The scorpion stings you but does no damage.
You closely miss the scorpion.
The scorpion is almost dead.
The scorpion barely misses you.
The scorpion stings you but does no damage.
You closely miss the scorpion.
The scorpion is severely wounded.
The scorpion stings you.
* * * LOW HITPOINT WARNING * * *
You hit the scorpion.
The scorpion is almost dead.
You block the scorpion's attack. The scorpion stings you.
* * * LOW HITPOINT WARNING * * *
It was a potion of haste.
You feel yourself speed up.
The scorpion stings you but does no damage.
You barely miss the scorpion.
The scorpion is almost dead.
The scorpion stings you but does no damage.
You closely miss the scorpion.
The scorpion is almost dead.
The scorpion stings you.
You die...

.^..##...# #......#
######...# #......#
#...# #......#
#...##########
#....#####
#...)....#
########.##
######).####
#####........@.#
.......(.)...#s#
.............#...
.........######....
##........ ....>#
########## .....#
....# ....#


You could see a scorpion.

Vanquished Creatures
  Duvessa (D:4)
  Dowan (D:4)
  An orc (D:4)
  2 ball pythons (D:1)
  4 endoplasms
  3 goblins
  3 hobgoblins
  7 jackals (D:1)
  6 kobolds (D:1)
  3 quokkas
  2 bats (D:1)
  A frilled lizard (D:1)
  5 rats (D:1)
39 creatures vanquished.

Vanquished Creatures (others)
  2 fungi (D:1)
2 creatures vanquished.

Grand Total: 41 creatures vanquished

Notes
Turn   | Place    | Note
-------+----------+-------------------------------------------
     0 | D:1      | Hugehornet the Gargoyle Fighter began the quest for the
                  | Orb.
     0 | D:1      | Reached XP level 1. HP: 14/14 MP: 1/1
   375 | D:1      | Reached XP level 2. HP: 15/19 MP: 2/2
  1050 | D:1      | Reached XP level 3. HP: 22/23 MP: 3/3
  1250 | D:1      | Reached skill level 4 in Armour
  1808 | D:2      | Found a faded altar of an unknown god.
  1819 | D:2      | You fall into a shaft and drop 2 floors!
  2051 | D:4      | Noticed Duvessa
  2051 | D:4      | Noticed Dowan
  2059 | D:4      | Killed Dowan
  2060 | D:4      | Reached XP level 4. HP: 19/28 MP: 4/4
  2063 | D:4      | Killed Duvessa
  2064 | D:4      | Reached skill level 5 in Armour
  2064 | D:4      | Reached XP level 5. HP: 7/32 MP: 5/5
  2139 | D:4      | HP: 1/32 [scorpion (3)]
  2142 | D:4      | Slain by a scorpion

Illustrated notes

Levels and vault maps discovered:
D:1:      mainiacjoe_arrival_reflecting_pool, layout_loops_corners,
          dreamdust_mushroom_princess
D:2:      layout_basic, nicolae_ecumenical_pavilion, uniq_jessica
D:4:      layout_basic, mainiacjoe_overflow_paths, pf_just_have_faith,
          mainiacjoe_overflow_large_starburst, uniq_duvessa, uniq_menkaure

Skill      XL: |  1  2  3  4 |
---------------+-------------+-----
Armour         | 4 5 |  5.3
Maces & Flails | 3 4 |  4.2
Fighting       | |  3.2
Shields        | |  3.2

Action                   |  1- 3 |  4- 6 || total
-------------------------+-------+-------++-------
Melee: Flail             |   121 |    19 ||   140
Evoke: Wand              |     2 |     2 ||     4
  Use: Potion            |     1 |     1 ||     2
Armor: Scale mail        |    26 |       ||    26
       Chain mail        |    51 |    14 ||    65
Dodge: Dodged            |    65 |     6 ||    71
Block: Buckler           |    36 |     3 ||    39
